 Dungeon Crawl Stone Soup version 0.23-a0-130-g0e7800e (webtiles) character file.

270 iamserjio the Cutter (level 6, -2/35 HPs)
             Began as a Tengu Wanderer on Aug 27, 2018.
             Slain by an ice beast (13 damage)
             ... on level 4 of the Dungeon.
             The game lasted 00:05:41 (3344 turns).

iamserjio the Cutter (Tengu Wanderer)               Turns: 3344, Time: 00:05:42

Health: -2/35      AC:  3    Str: 11    XL:     6   Next: 22%
Magic:  4/7        EV: 17    Int: 12    God:
Gold:   68         SH:  0    Dex: 17    Spells: 5/5 levels left

rFire    . . .     SeeInvis .   a - +2 dagger
rCold    . . .     Gourm    .   (no shield)
rNeg     . . .     Faith    .   r - +0 leather armour (curse)
rPois    .         Spirit   .   (helmet restricted)
rElec    .         Reflect  .   (no cloak)
rCorr    .         Harm     .   (no gloves)
MR       .....                  (boots unavailable)
Stlth    ++........             (no amulet)
HPRegen  0.11/turn              (no ring)
MPRegen  0.10/turn              (no ring)

@: flying quickly and evasively, quick
A: beak, talons 3, able to fly 1
a: no special abilities


You were on level 4 of the Dungeon.
You were hungry.

You visited 1 branch of the dungeon, and saw 4 of its levels.

You collected 68 gold pieces.

Inventory:

Hand Weapons
 a - a +2 dagger (weapon)
 c - a +0 short sword
 o - a +0 short sword
Missiles
 l - 119 stones (quivered)
Armour
 e - a +0 robe
 j - a +0 ring mail
 r - a cursed +0 leather armour (worn)
 w - a +0 troll leather armour {Purgy}
Jewellery
 A - an uncursed amulet of regeneration {unknown}
Wands
 u - a wand of iceblast (5)
Scrolls
 g - a scroll of enchant weapon {unknown}
 k - 3 scrolls of teleportation {unknown}
 m - a scroll of identify {unknown}
 p - 2 scrolls of enchant armour {unknown}
 s - a scroll of blinking {unknown}
 t - a scroll of fear {unknown}
 v - a scroll of magic mapping {unknown}
 y - a scroll of noise {unknown}
 z - a scroll of random uselessness {unknown}
Potions
 b - a potion of haste
 d - 3 potions of brilliance {unknown}
 h - 2 potions of curing {@q1}
 i - a potion of heal wounds {unknown}
 n - a potion of invisibility {unknown}
 q - 3 potions of lignification {unknown}
 x - a potion of degeneration {unknown}
Comestibles
 f - 8 rations


   Skills:
 - Level 2.0 Fighting
 - Level 4.6 Short Blades
   Level 2.1 Bows
 - Level 2.1 Armour
 + Level 4.4 Dodging
 - Level 1.0 Stealth
   Level 1.0 Shields
 - Level 1.0 Evocations


You had 5 spell levels left.
You didn't know any spells.
Your spell library was empty.

Dungeon Overview and Level Annotations

Branches:
Dungeon (4/15)
 Temple: D:4-7

Altars:
Fedhas
Okawaru
Trog


Innate Abilities, Weirdness & Mutations

You have a beak for a mouth.
You have claws for feet.
You can fly.


Message History

You hit the ice beast but do no damage. Your kick misses the ice beast.
Your peck misses the ice beast.
The ice beast is severely wounded.
The ice beast hits you but does no damage.
You hit the ice beast.
The ice beast is severely wounded.
The ice beast hits you. The ice beast freezes you!
You closely miss the ice beast.
You claw the ice beast, but do no damage.
The ice beast is severely wounded.
The ice beast closely misses you.
You hit the ice beast but do no damage.
The ice beast is severely wounded.
You hit the ice beast but do no damage.
The ice beast is severely wounded.
The ice beast hits you. The ice beast freezes you.
You hit the ice beast. You claw the ice beast.
The ice beast is almost dead.
The ice beast hits you. The ice beast freezes you!
You die...

#..........##...!##.########
#...........#######.########
#.....###.#.#<...........)..
#.....###.#...#####.##......
#..........#.#.# ##.##.#####
#..........#.#.####...†.#####
............................
.........#.####..########
........@Y.......#### #
.......$.###.##.....## #
########+###.###.....# #
..........##.#....# #
.............+....###
.............#....#..
...........###....#..
############.###...# ....#..
#..........#####...# ....#..


You could see an ice beast.

Vanquished Creatures
  Purgy (D:4)
  A bullfrog skeleton (D:4)
  A worker ant (D:4)
  6 adders
  An ooze (D:4)
  An adder skeleton (D:4)
  A worm (D:2)
  A dart slug (D:2)
  4 leopard geckos
  3 orcs
  5 giant cockroaches
  2 hobgoblins
  5 jackals
  2 quokkas (D:2)
  5 bats
  3 frilled lizards
  9 goblins
  4 kobolds
  A quokka skeleton (D:4)
  5 rats
61 creatures vanquished.

Notes
Turn   | Place    | Note
-------+----------+-------------------------------------------
     0 | D:1      | iamserjio the Tengu Wanderer began the quest for the Orb.
     0 | D:1      | iamserjio set off with: a +2 dagger, a potion of haste, a
                  | +0 short sword, a potion of curing {@q1}, a +0 robe, a
                  | ration
     0 | D:1      | Reached XP level 1. HP: 12/12 MP: 2/2
   113 | D:1      | Reached skill level 1 in Short Blades
   184 | D:1      | Reached XP level 2. HP: 13/17 MP: 3/3
   854 | D:2      | Found a blossoming altar of Fedhas.
   883 | D:2      | Reached XP level 3. HP: 21/21 MP: 4/4
  1118 | D:2      | Found an iron altar of Okawaru.
  1140 | D:2      | Found a bloodstained altar of Trog.
  1871 | D:2      | Reached XP level 4. HP: 26/26 MP: 5/5
  2642 | D:4      | Noticed Purgy
  2646 | D:4      | Killed Purgy
  2646 | D:4      | Gained mutation: You can fly. [Tengu growth]
  2646 | D:4      | Reached XP level 5. HP: 30/30 MP: 6/6
  2856 | D:4      | Reached XP level 6. HP: 33/35 MP: 7/7
  3011 | D:4      | Noticed an ice beast
  3344 | D:4      | Slain by an ice beast

Vault maps used:
D:1:      evilmike_arrival_rings, grunt_decor_fettered
D:2:      nicolae_overflow_hidden_temple, minitemple
D:4:      doesnt_xom_only_xom, first_ration, uniq_purgy, uniq_blork_the_orc

Skill      XL: |  1  2  3  4  5  6 |
---------------+-------------------+-----
Short Blades   | 1 2 3 4 |  4.6
Dodging        | 2 3 4 |  4.4
Fighting       | |  2.0
Bows           | |  2.1
Armour         | |  2.1
Stealth        | |  1.0
Shields        | |  1.0
Evocations     | |  1.0

Action                   |  1- 3 |  4- 6 || total
-------------------------+-------+-------++-------
Melee: Dagger            |    80 |    86 ||   166
       Peck              |     7 |    15 ||    22
       Kick              |    15 |    24 ||    39
 Abil: Fly               |       |     1 ||     1
Evoke: Wand              |       |     6 ||     6
  Use: Potion            |     1 |       ||     1
 Stab: Sleeping          |     4 |     2 ||     6
  Eat: Chunk             |     2 |     5 ||     7
Armor: Robe              |    11 |       ||    11
       Leather armour    |       |     7 ||     7
Dodge: Dodged            |    48 |    40 ||    88

Table legend:
 A = Non-vault XP
 B = Vault XP
 C = Vault XP percentage of total XP
 D = Non-vault monster count
 E = Vault monster count
 F = Vault count percentage of total count
                 A         B        C        D         E       F
            +---------+---------+-------+---------+---------+-------
      Total |     253 |     134 |  34.6 |      60 |       1 |   1.6
            +---------+---------+-------+---------+---------+-------
        D:1 |      24 |       0 |   0.0 |      16 |       0 |   0.0
        D:2 |      72 |       0 |   0.0 |      20 |       0 |   0.0
        D:3 |      47 |       0 |   0.0 |      13 |       0 |   0.0
        D:4 |     110 |     134 |  54.9 |      11 |       1 |   8.3
            +---------+---------+-------+---------+---------+-------
